 Dungeon Sprint DCSS version 0.17-a0-2101-g0c122e7 (webtiles) character file.

1013 tp1 the Eclecticist (level 8, -22/41 HPs)
             Began as a Deep Elf Conjurer on Oct 18, 2015.
             Engulfed by a cloud of freezing vapour (28 damage)
             ... in the Dungeon (Sprint II: "The Violet Keep of Menkaure").
             The game lasted 00:07:09 (613 turns).

tp1 the Eclecticist (Deep Elf Conjurer)              Turns: 613, Time: 00:07:09

Health: -22/41     AC:  2    Str:  5    XL:     8   Next: 1%
Magic:  26/31      EV: 13    Int: 23    God:
Gold:   486        SH:  0    Dex: 15    Spells: 4 memorised, 30 levels left

rFire  . . .     SeeInvis .     (no weapon)
rCold  . . .     Clarity  .     a - +0 robe
rNeg   . . .     SustAt   .     (no shield)
rPois  .         Gourm    .     (no helmet)
rElec  .         Spirit   .     (no cloak)
rCorr  .         Warding  .     (no gloves)
rMut   .         NoTele   +     (no boots)
MR     .....                    (no amulet)
Stlth  ++........               (no ring)
                                (no ring)

@: not resistant to hostile enchantments, unstealthy
A: no striking features
a: no special abilities


You were in the Dungeon.
You were not hungry.

You visited 1 branch You collected 486 gold pieces.

Inventory:

Armour
 a - a +0 robe (worn)
Scrolls
 i - a scroll of blinking
Potions
 d - a potion of curing
 e - a potion of heal wounds
 f - a potion of haste
 g - 2 potions of magic
Books
 b - a book of Conjurations

   Spells                             Type                      Level
   a - Magic Dart                     Conjuration                  1
   b - Searing Ray                    Conjuration                  2
   c - Dazzling Spray                 Conjuration/Hexes            3
   d - Fulminant Prism                Conjuration/Hexes            4
   e - Iskenderun's Mystic Blast      Conjuration                  4
   f - Iskenderun's Battlesphere      Conjuration/Charms           5
Comestibles
 c - a bread ration
 h - 3 chunks of flesh


   Skills:
 - Level 2.4 Dodging
 - Level 2.4 Stealth
 - Level 17.1 Spellcasting
 + Level 9.4 Conjurations
 - Level 10.4 Charms


You had 30 spell levels left.
You knew the following spells:

 Your Spells              Type           Power        Failure   Level  Hunger
a - Magic Dart            Conj           ####         1%          1    None
b - Searing Ray           Conj           ######       1%          2    None
c - Dazzling Spray        Conj/Hex       #####...     1%          3    None
d - Iskenderun's Battles  Conj/Chrm      ######..     1%          5    #......


Dungeon Overview and Level Annotations

Branches:
Dungeon (1/1)

Altars:


Message History

You see here a crocodile corpse.
You butcher the crocodile corpse.
h - 3 chunks of flesh (gained 2)
You start resting.
Your battlesphere wavers and loses cohesion.
You start resting.
Magic restored.
You open the gate.
An ice statue comes into view.
Casting: Magic Dart
Confirm with . or Enter, or press ? or * to list all spells.
You conjure a globe of magical energy.
You are engulfed in freezing vapours.
The ice statue throws ice at you. The shard of ice hits you!
* * * LOW HITPOINT WARNING * * *
Your battlesphere is engulfed in freezing vapours. x2
Your battlesphere is engulfed in freezing vapours. x2
You open the door.
You are engulfed in freezing vapours.
Ouch! That really hurt!
You die...

####+####
##§§§....##
##§§§§.....##
+§§§§§8.....#
#§.§§§§...#
..§§§..#
#≈≈#+++#*§'##
≈≈≈....@§§..#
≈≈≈≈.##§##..#
≈≈≈ ##.$.##.####
≈ ..#..#....# #
##.).####..## #.
##'###.##..#
#.##.##...#..#
#'÷<.'.##'..###
#.##.####.#.†..#


You could see an ice statue.

Vanquished Creatures
  A siren (D)
  2 hippogriffs (D)
  2 crocodiles (D)
  4 brain worms (D)
  3 worms (D)
12 creatures vanquished.

Vanquished Creatures (others)
  Menkaure (D)
1 creature vanquished.

Grand Total: 13 creatures vanquished

Notes
Turn   | Place    | Note
--------------------------------------------------------------
     0 | D        | tp1 the Deep Elf Conjurer began the quest for the Orb.
     0 | D        | Reached XP level 1. HP: 10/10 MP: 6/6
     1 | D        | Noticed a brain worm
     1 | D        | Noticed a brain worm
     1 | D        | Noticed a brain worm
     1 | D        | Noticed a brain worm
     7 | D        | Killed a brain worm
     7 | D        | Reached skill level 10 in Spellcasting
     7 | D        | Reached XP level 2. HP: 15/15 MP: 6/15
     7 | D        | Reached XP level 3. HP: 19/19 MP: 6/16
    11 | D        | Killed a brain worm
    11 | D        | Reached skill level 12 in Spellcasting
    11 | D        | Reached XP level 4. HP: 24/24 MP: 6/20
    16 | D        | Killed a brain worm
    16 | D        | Reached skill level 13 in Spellcasting
    16 | D        | Reached XP level 5. HP: 24/28 MP: 6/23
    26 | D        | Killed a brain worm
    26 | D        | Reached skill level 14 in Spellcasting
    36 | D        | Killed Menkaure
   261 | D        | Learned a level 2 spell: Searing Ray
   265 | D        | Learned a level 3 spell: Dazzling Spray
   271 | D        | Learned a level 5 spell: Iskenderun's Battlesphere
   274 | D        | Noticed a hippogriff
   274 | D        | Noticed a hippogriff
   280 | D        | Killed a hippogriff
   280 | D        | Reached XP level 6. HP: 28/32 MP: 10/25
   287 | D        | Killed a hippogriff
   287 | D        | Reached skill level 15 in Spellcasting
   287 | D        | Reached skill level 5 in Charms
   316 | D        | Noticed a siren
   327 | D        | Killed a siren
   327 | D        | Reached skill level 16 in Spellcasting
   327 | D        | Reached skill level 10 in Charms
   327 | D        | Reached XP level 7. HP: 28/36 MP: 0/29
   479 | D        | Noticed a crocodile
   482 | D        | Killed a crocodile
   482 | D        | Reached skill level 17 in Spellcasting
   501 | D        | Noticed a crocodile
   508 | D        | Killed a crocodile
   508 | D        | Reached XP level 8. HP: 20/41 MP: 9/31
   609 | D        | Noticed an ice statue
   613 | D        | Engulfed by a cloud of freezing vapour

Vault maps used:
D:        the_violet_keep_of_menkaure

Action                   |  1- 3 |  4- 6 |  7- 9 || total
-------------------------+-------+-------+-------++-------
Melee: Unarmed           |     9 |     7 |       ||    16
 Cast: Magic Dart        |       |    16 |    14 ||    30
       Iskenderun's Batt |       |     3 |     3 ||     6
       Searing Ray       |       |       |     3 ||     3
  Use: Potion            |     1 |       |       ||     1
